 Dungeon Crawl Stone Soup version 0.22.1-1-ga44c0e5 (webtiles) character file.

149 stormannn the Skirmisher (level 5, -4/79 HPs)
             Began as an Ogre Transmuter on Oct 7, 2018.
             Killed from afar by an orc wizard (9 damage)
             ... with a magic dart
             ... on level 3 of the Dungeon.
             The game lasted 00:07:47 (3583 turns).

stormannn the Skirmisher (Ogre Transmuter)          Turns: 3583, Time: 00:07:48

Health: -4/79      AC:  4    Str: 19    XL:     5   Next: 31%
Magic:  9/9        EV: 10    Int: 15    God:
Gold:   130        SH:  0    Dex:  9    Spells: 9/10 levels left

rFire    . . .     SeeInvis .     - Unarmed
rCold    . . .     Gourm    .   (no shield)
rNeg     . . .     Faith    .   b - +0 robe
rPois    .         Spirit   .   (helmet restricted)
rElec    .         Reflect  .   e - +0 cloak
rCorr    .         Harm     .   (gloves unavailable)
MR       .....                  (boots unavailable)
Stlth    ..........             (no amulet)
HPRegen  0.23/turn              (no ring)
MPRegen  0.11/turn              (no ring)

@: mighty, berserking (expiring), appendage (expiring), very quick
A: large, unfitting armour, horns 2, tough skin 1
a: End Transformation


You were on level 3 of the Dungeon.
You were not hungry.
You had grown temporary horns.
You visited 1 branch of the dungeon, and saw 3 of its levels.

You collected 130 gold pieces.

Inventory:

Missiles
 a - 23 arrows
Armour
 b - a +0 robe (worn)
 e - a +0 cloak (worn)
Scrolls
 f - 2 scrolls of identify
 h - a scroll of blinking {unknown}
 j - a scroll of fear
Potions
 g - 2 potions of agility
 m - a potion of invisibility {unknown}
Comestibles
 c - 7 chunks of flesh
 d - 6 rations


   Skills:
 + Level 3.1 Fighting
 * Level 3.0 Dodging
 + Level 3.0 Unarmed Combat
 + Level 3.0 Spellcasting
 + Level 3.0 Transmutations


You had 9 spell levels left.
You knew the following spells:

 Your Spells              Type           Power        Failure   Level  Hunger
a - Beastly Appendage     Tmut           ##....       6%          1    #......

Your spell library contained the following spells:

 Spells                   Type           Power        Failure   Level  Hunger
 Sticks to Snakes         Tmut           ##......     9%          2    ##.....
 Spider Form              Tmut/Pois      #.........   32%         3    ###....
 Ice Form                 Ice/Tmut       #.......     71%         4    #####..
 Blade Hands              Tmut           ##........   85%         5    ######.


Dungeon Overview and Level Annotations

Branches:
Dungeon (3/15)

Altars:
Ashenzari
Fedhas
Kikubaaqudgha
Xom


Innate Abilities, Weirdness & Mutations

You are too large for most types of armour.
You have tough skin. (AC +1)
You have a pair of horns on your head.


Message History

You feel very mighty all of a sudden. Something hits you but does no damage.
It was a potion of berserk rage.
A red film seems to cover your vision as you go berserk!
You feel yourself moving faster!
You feel mighty! Something hits you.
* * * LOW HITPOINT WARNING * * *
You are too berserk!
You barely miss something.
Your transformation is almost over.
Something hits you but does no damage.
You miss something. Your headbutt misses something. You miss something.
Something hits you but does no damage.
You closely miss something. Your headbutt misses something. Something hits you.
* * * LOW HITPOINT WARNING * * *
You miss something. Your headbutt misses something. You closely miss something.
Your headbutt misses something.
You hear some strange, mumbled words.
A magic dart appears from out of thin air!
The magic dart hits you!
You die...

.....# .....#
.....##########
.......[.[[<#..
.........####.#
####.###.####.# #
#.#......#.#
####.######.#.########...
......<........)@{oo.....
.#####.####?##########.^_
...................
.....######.#######
.#..##...#..#
##..PP._P#.##
PP.....PP#.# ....PP####.#
PP..###....#


You could see an orc priest and an orc.

Vanquished Creatures
  An orc priest (D:3)
  An orc wizard (D:3)
  An adder (D:2)
  An ooze (D:2)
  2 worms (D:2)
  A dart slug (D:1)
  4 orcs (D:3)
  A ball python (D:2)
  6 giant cockroaches
  3 goblins
  9 hobgoblins
  10 jackals
  A quokka (D:2)
  6 bats
  3 frilled lizards
  6 kobolds
  5 rats
61 creatures vanquished.

Notes
Turn   | Place    | Note
-------+----------+-------------------------------------------
     0 | D:1      | stormannn the Ogre Transmuter began the quest for the Orb.
     0 | D:1      | Reached XP level 1. HP: 19/19 MP: 3/3
   690 | D:1      | Reached XP level 2. HP: 28/28 MP: 3/5
  1058 | D:1      | Reached XP level 3. HP: 28/36 MP: 6/6
  1718 | D:2      | Found a shattered altar of Ashenzari.
  2014 | D:2      | Reached XP level 4. HP: 45/45 MP: 6/8
  3386 | D:3      | Reached XP level 5. HP: 42/53 MP: 9/9
  3486 | D:3      | Found an ancient bone altar of Kikubaaqudgha.
  3493 | D:3      | Found a blossoming altar of Fedhas.
  3549 | D:3      | Found a shimmering altar of Xom.
  3583 | D:3      | Killed from afar by an orc wizard

Skill      XL: |  1  2  3  4 |
---------------+-------------+-----
Fighting       | 2 3 |  3.1
Unarmed Combat | 3 |  3.0
Transmutations | 2 3 |  3.0
Dodging        | 2 3 |  3.0
Spellcasting   | 3 |  3.0

Action                   |  1- 3 |  4- 6 || total
-------------------------+-------+-------++-------
Melee: Unarmed           |   157 |   113 ||   270
       Kick              |    13 |     8 ||    21
       Headbutt          |     2 |     3 ||     5
       Punch             |     2 |     1 ||     3
 Cast: Beastly Appendage |    22 |    10 ||    32
  Use: Scroll            |       |     5 ||     5
       Potion            |       |     2 ||     2
  Eat: Chunk             |     4 |     2 ||     6
       Ration            |       |     1 ||     1
Armor: Robe              |    42 |    35 ||    77
Dodge: Dodged            |    98 |    44 ||   142
